 Dungeon Crawl Stone Soup version 0.31.0-11-ge490571c62 (webtiles) character file.

Game seed: 1871113762218418724

63 SmokeWeed the Ducker (level 3, 0/21 HPs)
             Began as a Deep Elf Gladiator on Feb 3, 2024.
             Killed from afar by Natasha (6 damage)
             ... with a magic dart
             ... on level 2 of the Dungeon.
             The game lasted 00:01:58 (1275 turns).

SmokeWeed the Ducker (Deep Elf Gladiator)           Turns: 1275, Time: 00:01:59

Health: 0/21       AC:  4    Str: 11    XL:     3   Next: 89%
Magic:  0/5        EV: 13    Int: 12    God:
Gold:   72         SH:  0    Dex: 18    Spells: 2/2 levels left

rFire   . . .        g - +1 whip (pain)
rCold   . . .        (no shield)
rNeg    . . .        b - +0 leather armour
rPois   .            c - +0 helmet
rElec   .            (no cloak)
rCorr   .            (no gloves)
SInv    .            (no boots)
Will    .....        f - amulet of guardian spirit
Stlth   ++           (no ring)
HPRegen 0.23/turn    (no ring)
MPRegen 0.09/turn

%: guardian spirit
@: slowed, very slow
A: no striking features
a: no special abilities


You were on level 2 of the Dungeon.
You visited 1 branch of the dungeon, and saw 2 of its levels.

You collected 72 gold pieces.

Inventory:

Hand Weapons
 a - a +0 rapier
 g - a +1 whip of pain (weapon)
Missiles
 e - a javelin
Armour
 b - a +0 leather armour (worn)
 c - a +0 helmet (worn)
Jewellery
 f - an amulet of guardian spirit (around neck)
Scrolls
 h - a scroll of poison {unknown}


   Skills:
 + Level 2.0 Fighting
 - Level 3.6 Short Blades
 + Level 0.2 Maces & Flails
 + Level 2.2 Throwing
 + Level 0.3 Armour
 + Level 4.2 Dodging
 + Level 0.7 Stealth
 * Level 1.0 Necromancy


You had 2 spell levels left.
You didn't know any spells.
Your spell library contained the following spells:

 Spells                   Type           Power      Damage    Failure   Level
 Necrotise                Necr           8%         1d4       28%         1
 Apportation              Tloc           0%         N/A       41%         1
 Sting                    Conj/Alch      0%         1d3       41%         1
 Summon Small Mammal      Summ           0%         N/A       41%         1


Dungeon Overview and Level Annotations

Branches:
Dungeon (2/15)

Altars:

Annotations:
D:2 Natasha


Message History

Aim: Natasha (severely wounded, 53% to hit)
You throw a throwing net. The throwing net hits Natasha.
Natasha is caught in the net!
Natasha is severely wounded.
Natasha struggles against the net. x2
You barely miss Natasha.
Natasha is severely wounded.
Natasha casts a spell at you. The magic dart hits you.
* * * LOW HITPOINT WARNING * * *
Natasha struggles against the net.
You hit Natasha but do no damage.
Natasha is severely wounded.
Natasha struggles against the net. x2
The net rips apart, and Natasha comes free!
Throw: 2 throwing nets
Press: ? - help, Q - select action, (/) - cycle Shift-Dir - straight line, f/p - Natasha
Aim: Natasha (severely wounded, 53% to hit)
You throw a throwing net. The throwing net hits Natasha.
Natasha is caught in the net!
Natasha is severely wounded.
Natasha struggles against the net. x2
You hit Natasha.
Natasha writhes in agony.
Natasha is severely wounded.
Natasha struggles against the net. x2
You hit Natasha.
Natasha is almost dead.
Natasha struggles against the net. x2
The net rips apart, and Natasha comes free!
Throw: throwing net
Press: ? - help, Q - select action, (/) - cycle Shift-Dir - straight line, f/p - Natasha
Aim: Natasha (almost dead, 53% to hit)
You throw a throwing net. The throwing net barely misses Natasha.
Natasha claws you but does no damage.
You closely miss Natasha.
Natasha is almost dead.
Natasha casts a spell at you. The magic dart hits you!
You die...
Natasha curls up and begins to purr.

#.# #....# #.#######.# ####.#
#.........# #.# ######.#### #.#
# ## #.# #.# #. #≈###### ##'##
#.# #.###≈#....# ##...## #.#
#..#≈≈####.###.....## ####.#
#..≈≈~###.##.@h...(## ##.##.#
##~≈≈..##.#.........####...#.#
##...≈.....'.........'.........
#~~.~~..##.#.........###......#
#..~≈~.....##.......## #......#
#...≈~..######.....## #......#
#~.~~~~~# ##...## #.....##
#~..~~..# ##'## #.....#
#~..~~.~# #.#########.###


You could see Natasha.

Vanquished Creatures
  Natasha (D:2)
  A gnoll (D:1)
  2 dart slugs (D:1)
  A bat (D:1)
  3 endoplasms (D:1)
  A giant cockroach (D:2)
  5 goblins
  5 hobgoblins
  A kobold (D:1)
  A quokka (D:1)
  A frilled lizard (D:1)
  A rat (D:1)
23 creatures vanquished.

Notes
Turn   | Place    | Note
-------+----------+-------------------------------------------
     0 | D:1      | SmokeWeed the Deep Elf Gladiator began the quest for the
                  | Orb.
     0 | D:1      | Reached XP level 1. HP: 12/12 MP: 3/3
   136 | D:1      | Reached XP level 2. HP: 16/16 MP: 4/4
   290 | D:1      | Reached skill level 4 in Dodging
   453 | D:1      | Reached XP level 3. HP: 21/21 MP: 5/5
  1024 | D:2      | Noticed Natasha
  1032 | D:2      | Killed Natasha
  1240 | D:2      | Reached skill level 1 in Necromancy
  1258 | D:2      | Noticed Natasha
  1275 | D:2      | Killed from afar by Natasha

Illustrated notes

Levels and vault maps discovered:
D:1:      minmay_arrival_stair_chambers, layout_basic
D:2:      layout_loops_corners, chequers_serial_rivers_small_3, moated_statue,
          minmay_misc_feat_iff, uniq_natasha

Skill      XL: |  1  2  3 |
---------------+----------+-----
Dodging        | 4 |  4.2
Fighting       | 2 |  2.0
Necromancy     | 1 |  1.0
Short Blades   | |  3.6
Maces & Flails | |  0.2
Throwing       | |  2.2
Armour         | |  0.3
Stealth        | |  0.7

Action                     || total
---------------------------++-------
  Melee: Rapier            ||    37
         Whip              ||    38
         Punch             ||     2
  Throw: Throwing net      ||     3
   Stab: Sleeping          ||     3
 Armour: Leather armour    ||    33
  Dodge: Dodged            ||    45
